 Dungeon Crawl Stone Soup version 0.29-a0-473-gacb4ef3bc5 (webtiles) character file.

Game seed: 8824797990291449117

2847 KristoblXynda the Fighter (level 9, -17/82 HPs)
             Began as a Green Draconian Monk on May 23, 2022.
             Was a Priest of Dithmenos.
             Demolished by Gastronok (25 damage)
             ... on level 8 of the Dungeon.
             The game lasted 00:08:12 (8422 turns).

KristoblXynda the Fighter (Green Draconian Monk)    Turns: 8422, Time: 00:08:13

Health: -17/82     AC: 11    Str: 18    XL:     9   Next: 46%
Magic:  11/11      EV: 15    Int: 13    God:    Dithmenos [***...]
Gold:   517        SH:  0    Dex: 15    Spells: 5/8 levels left

rFire   . . .      SeeInvis .     - Unarmed
rCold   . . .      Faith    .   (no shield)
rNeg    . . .      Spirit   .   (body armour unavailable)
rPois   +          Reflect  .   (helmet restricted)
rElec   .          Harm     .   (no cloak)
rCorr   .          Rampage  .   q - +2 pair of gloves of Servitude {Str+2 Dex+2}
Will    .....                   d - +0 pair of boots
Stlth   +++.......              n - amulet of regeneration
HPRegen 1.03/turn               (no ring)
MPRegen 0.12/turn               (no ring)

@: mighty, slowed, wreathed by umbra, very slow
A: breathe noxious fumes, AC +7, unfitting armour, poison resistance,
cold-blooded
a: Breathe Noxious Fumes, Renounce Religion, Shadow Step


You were on level 8 of the Dungeon.
You worshipped Dithmenos.
Dithmenos was most pleased with you.
You visited 2 branches of the dungeon, and saw 9 of its levels.

You collected 517 gold pieces.

Inventory:

Missiles
 p - a throwing net (quivered)
Armour
 d - a +0 pair of boots (worn)
 q - the +2 pair of gloves of Servitude (worn) {Str+2 Dex+2}
   (You found it on level 5 of the Dungeon)

   Str:       It affects your strength (+2).
   Dex:       It affects your dexterity (+2).
Jewellery
 n - an amulet of regeneration (around neck)
 w - a ring of ice
 y - a ring of protection from fire
 B - an amulet of the acrobat
Wands
 t - a wand of acid (8)
Scrolls
 e - 2 scrolls of noise {unknown}
 f - 3 scrolls of magic mapping
 i - 5 scrolls of teleportation
 j - 3 scrolls of fear {unknown}
 l - 2 scrolls of fog {unknown}
 r - a scroll of vulnerability {unknown}
Potions
 a - 2 potions of ambrosia
 b - a potion of haste
 c - 3 potions of curing
 g - 2 potions of heal wounds
 h - 2 potions of invisibility {unknown}
 k - 2 potions of magic {unknown}
 m - a potion of might
 o - a potion of attraction {unknown}
 s - a potion of mutation {unknown}
 v - 2 potions of flight {unknown}
 x - a potion of brilliance {unknown}
 z - 2 potions of degeneration {unknown}


   Skills:
 + Level 8.7 Fighting
 + Level 7.3 Dodging
 - Level 1.7 Stealth
 + Level 8.0 Unarmed Combat
 + Level 3.0 Invocations


You had 5 spell levels left.
You knew the following spells:

 Your Spells              Type           Power      Damage    Failure   Level
a - Stone Arrow           Conj/Erth      0%         3d7       67%         3

Your spell library contained the following spells:

 Spells                   Type           Power      Damage    Failure   Level
 Sandblast                Erth           0%         2d4       30%         1
 Slow                     Hex            0%         N/A       30%         1
 Summon Small Mammal      Summ           0%         N/A       30%         1
 Passwall                 Tmut/Erth      0%         N/A       43%         2
 Call Canine Familiar     Summ           0%         N/A       67%         3
 Confusing Touch          Hex            0%         N/A       67%         3
 Summon Guardian Golem    Hex/Summ       0%         N/A       67%         3
 Vampiric Draining        Necr           0%         2d6       67%         3


Dungeon Overview and Level Annotations

Branches:
Dungeon (8/15)             Temple (1/1) D:5
   Lair: D:8-11

Altars:
Ashenzari
Cheibriados
Dithmenos
Elyvilon
Fedhas
Gozag
Hepliaklqana
Kikubaaqudgha
Makhleb
Nemelex Xobeh
Okawaru
Qazlal
Ru
Sif Muna
Trog
Uskayaw
Vehumet
Wu Jian
Xom
Yredelemnul
Zin
The Shining One

Annotations:
D:6 1 transporter, Serus's ghost, amateur VSFi
D:8 Gastronok


Innate Abilities, Weirdness & Mutations

You can breathe blasts of noxious fumes.
Your lurid green scales are hard. (AC +7)
You cannot fit into any form of body armour.
Your system is resistant to poisons. (rPois)
You are cold-blooded and may be slowed by cold attacks.


Message History

The howler monkey is severely wounded.
The howler monkey closely misses you.
The howler monkey hoots and howls with incredible vigour!
You barely miss the howler monkey.
You tail-slap the howler monkey, but do no damage.
The howler monkey is severely wounded.
The howler monkey hits you.
You punch the howler monkey!
You kill the howler monkey!
Dithmenos accepts your kill.
The howler monkey hits you but does no damage.
Your Unarmed Combat skill increases to level 8!
You punch the howler monkey!
The howler monkey is heavily wounded.
The howler monkey hits you but does no damage.
You punch the howler monkey!
You kill the howler monkey!
Dithmenos accepts your kill.
Your Invocations skill increases to level 3!
You feel very mighty all of a sudden. Gastronok bites you!!
Unknown command.
You feel much better.
You pummel Gastronok!!
Gastronok is lightly wounded.
Gastronok bites you but does no damage.
You punch Gastronok!
Gastronok is lightly wounded.
Gastronok waves his eye-stalks in wide circles.
The air twists around and strikes you!!
You punch Gastronok!
Gastronok is moderately wounded.
You punch Gastronok!
Gastronok is moderately wounded.
Gastronok bites you!!
* * * LOW HITPOINT WARNING * * *
You punch Gastronok!
Gastronok is moderately wounded.
Gastronok bites you!!
You die...

##############.#
#..............#
#.############.#
#.# #.# #.# #.#
#.# #.### #.#
#.#.. # #.#
#.#.. #. #@#
#.#..
#####.########w#
#####.#..
......hw..h...##
#.....'..
...w......h.###
#######..
..##...####.#
#.. #... #.# ##.
#..$ #.# #. #...
#.# #. #... #.#
#.


You could see Gastronok.

Vanquished Creatures
  Grinder (Temple)
  A water moccasin (D:5)
  3 sky beasts (D:7)
  2 black bears
  2 phantoms
  A bullfrog (D:8)
  2 necrophages
  A gnoll sergeant (D:4)
  3 scorpions
  7 wights
  3 howler monkeys (D:8)
  5 hounds
  2 jellies (D:5)
  An orc priest (D:5)
  A gnoll shaman (D:6)
  6 iguanas
  5 orc wizards
  6 adders
  24 gnolls
  A shadow imp (D:6)
  4 white imps
  2 ufetubi (D:6)
  2 worms
  8 dart slugs
  27 orcs
  3 ball pythons
  5 bats
  10 endoplasms
  2 giant cockroaches
  5 goblins
  7 hobgoblins
  9 jackals
  5 quokkas
  3 frilled lizards
  8 kobolds
  4 rats
181 creatures vanquished.

Notes
Turn   | Place    | Note
-------+----------+-------------------------------------------
     0 | D:1      | KristoblXynda the Draconian Monk began the quest for the
                  | Orb.
     0 | D:1      | Reached XP level 1. HP: 19/19 MP: 1/1
   249 | D:1      | Reached XP level 2. HP: 15/26 MP: 2/2
   858 | D:1      | Reached XP level 3. HP: 30/33 MP: 3/3
  2368 | D:2      | Reached XP level 4. HP: 40/40 MP: 4/4
  2385 | D:2      | Found a hazy altar of Hepliaklqana.
  3399 | D:3      | Found a snail-covered altar of Cheibriados.
  3401 | D:3      | Found an ornate altar of the Wu Jian Council.
  3664 | D:3      | Found a faded altar of an unknown god.
  4110 | D:3      | Reached XP level 5. HP: 40/47 MP: 5/5
  4576 | D:4      | Noticed a black bear
  4591 | D:4      | Killed a black bear
  4592 | D:4      | Reached skill level 5 in Fighting
  4592 | D:4      | Reached XP level 6. HP: 55/56 MP: 6/6
  4918 | D:4      | Reached skill level 5 in Unarmed Combat
  4967 | D:4      | Found a radiant altar of Vehumet.
  5047 | D:5      | Entered Level 5 of the Dungeon
  5052 | D:5      | Identified the +2 pair of gloves of Servitude {Str+2 Dex+2}
  5126 | D:5      | Your scales start taking on a lurid green colour.
  5126 | D:5      | Reached XP level 7. HP: 62/62 MP: 7/7
  5126 | D:5      | Gained mutation: Your system is resistant to poisons.
                  | (rPois) [Green Draconian growth]
  5348 | D:5      | Reached skill level 5 in Dodging
  5496 | D:5      | Found a staircase to the Ecumenical Temple.
  5497 | D:5      | Noticed Grinder
  5503 | Temple   | Entered the Ecumenical Temple
  5514 | Temple   | Killed Grinder
  5515 | Temple   | Reached XP level 8. HP: 51/71 MP: 8/8
  5733 | Temple   | Became a worshipper of Dithmenos the Shadowed
  5733 | Temple   | Reached * piety under Dithmenos
  5733 | Temple   | Reached ** piety under Dithmenos
  6893 | D:6      | Found a shimmering altar of Xom.
  7000 | D:6      | Learned a level 3 spell: Stone Arrow
  7040 | D:6      | Noticed Serus's ghost (amateur VSFi)
  7040 | D:6      | Found the +5 demon whip "Spellbinder" {antimagic, Will+}
  7041 | D:6      | Found a transporter.
  7061 | D:6      | Identified the +10 great mace of Okawaru, Mauling {vorpal,
                  | *Noise rF+ rN+ Dex+9}
  7061 | D:6      | Noticed a two-headed ogre
  7094 | D:6      | Found a sparkling altar of Nemelex Xobeh.
  7477 | D:7      | Reached XP level 9. HP: 78/81 MP: 9/9
  7573 | D:7      | Reached skill level 1 in Invocations
  7644 | D:7      | Reached *** piety under Dithmenos
  7786 | D:7      | Found a sacrificial altar of Ru.
  8387 | D:8      | Noticed Gastronok
  8422 | D:8      | Demolished by Gastronok

Illustrated notes

Levels and vault maps discovered:
D:1:      minmay_arrival_cross, layout_basic
D:2:      layout_loops_corners, basic_altar
D:3:      layout_loops_ring, jmf_multi_god_temple,
          shapermc_ecumenical_altar_venn, minmay_misc_feat_plants,
          ebering_dispersal_statue_hall, dk_noncrumbling_2
D:4:      layout_rooms, lemuel_doored_altar
D:5:      minmay_general_purpose_star, layout_basic, minmay_temple_entry_mist,
          uniq_grinder
D:6:      layout_loops_ring, nemelex_spade_bored_becter,
          mainiacjoe_overflow_small_starburst, gammafunk_ghost_smash
D:7:      layout_loops_ring, mainiacjoe_overflow_paths
D:8:      layout_basic, ploomutoo_gammafunk_ghost_potion_laboratory,
          uniq_gastronok
Temple:   regret_index_temple_sphere_string

Skill      XL: |  1  2  3  4  5  6  7  8  9 |
---------------+----------------------------+-----
Dodging        | 3 4 5 6 7 |  7.3
Fighting       | 4 5 6 8 |  8.7
Unarmed Combat | 4 5 6 7 8 |  8.0
Invocations    | 3 |  3.0
Stealth        | |  1.7

Action                   |  1- 3 |  4- 6 |  7- 9 || total
-------------------------+-------+-------+-------++-------
Melee: Unarmed           |   162 |   252 |   407 ||   821
       Tailslap          |    17 |    25 |    66 ||   108
       Punch             |     5 |    10 |    18 ||    33
 Abil: Breathe Noxious F |       |       |     1 ||     1
Evoke: Wand              |       |    11 |       ||    11
  Use: Scroll            |     2 |     3 |     3 ||     8
       Potion            |       |     3 |     2 ||     5
 Stab: Sleeping          |     8 |     2 |     3 ||    13
       Distracted        |     1 |       |     1 ||     2
Armor: Skin              |    57 |   110 |   105 ||   272
Dodge: Dodged            |   104 |   170 |   269 ||   543

Table legend: (Time is in decaauts)
 A = Elapsed time spent in this place.
 B = Non-inter-level travel time spent in this place.
 C = Inter-level travel time spent in this place.
 D = Time resting spent in this place.
 E = Time spent auto-exploring this place.
 F = Levels seen in this place.
 G = Mean time per level.
                   A        B        C        D        E       F      G
               +--------+--------+--------+--------+--------+-----+--------+
         Total |   8370 |   8104 |    266 |   1080 |   5461 |   9 |  930.0 |
       Dungeon |   8119 |   7922 |    197 |   1080 |   5309 |   8 | 1014.9 |
        Temple |    251 |    182 |     69 |      0 |    152 |   1 |  251.0 |
               +--------+--------+--------+--------+--------+-----+--------+

Top non-repeatable levels by time:
     D:3: 1639 daAuts
     D:1: 1423 daAuts
     D:5: 1274 daAuts
     D:2: 1103 daAuts
     D:4: 862 daAuts
     D:7: 728 daAuts
     D:6: 687 daAuts
     D:8: 399 daAuts
  Temple: 251 daAuts
